 Dungeon Crawl Stone Soup version 0.18.1-48-g4cf74bf (webtiles) character file.

48 Hucsek the Chopper (level 3, 0/27 HPs)
             Began as a Demonspawn Gladiator on July 26, 2016.
             Slain by an adder (1 damage)
             ... on level 2 of the Dungeon.
             The game lasted 00:13:55 (1769 turns).

Hucsek the Chopper (Demonspawn Gladiator)           Turns: 1769, Time: 00:13:56

Health: 0/27       AC:  5    Str: 15    XL:     3   Next: 50%
Magic:  3/3        EV:  7    Int:  9    God:
Gold:   98         SH:  0    Dex: 14    Spells: 0 memorised, 2 levels left

rFire  + . .     SeeInvis .     a - +1 war axe
rCold  . . .     Gourm    .     m - +0 chain mail
rNeg   . . .     Faith    .     (no shield)
rPois  +         Spirit   .     c - +0 helmet
rElec  .         Dismiss  .     (no cloak)
rCorr  .         Reflect  .     (no gloves)
SustAt .         Harm     .     (no boots)
MR     .....                    (no amulet)
Stlth  ..........               (no ring)
                                (no ring)

@: lethally poisoned (0 -> -2), not resistant to hostile enchantments, extremely
unstealthy
A: deformed body, fire resistance 1, poison resistance
a: no special abilities


You were on level 2 of the Dungeon.
You were not hungry.

You visited 1 branch of the dungeon, and saw 2 of its levels.

You collected 98 gold pieces.

Inventory:

Hand Weapons
 a - a +1 war axe (weapon)
 j - a +0 dagger
Missiles
 d - 3 throwing nets (quivered)
Armour
 b - a +0 leather armour
 c - a +0 helmet (worn)
 e - a +0 ring mail
 m - a +0 chain mail (worn)
Scrolls
 i - a scroll of noise
 k - 2 scrolls of fear
 l - 2 scrolls of identify
Potions
 h - a potion of berserk rage {unknown}
Comestibles
 f - 3 beef jerkies
 g - a bread ration


   Skills:
 - Level 2.2 Fighting
 - Level 3.0 Axes
 + Level 2.8 Throwing
 - Level 0.3 Armour
 - Level 2.9 Dodging


You had 2 spell levels left.
You didn't know any spells.

Dungeon Overview and Level Annotations

Branches:
Dungeon (2/15)

Altars:


Innate Abilities, Weirdness & Mutations

Your flesh is heat resistant.
Armour fits poorly on your strangely shaped body.
Your system is resistant to poisons.


Message History

* * * LOW HITPOINT WARNING * * *
You barely miss the adder.
The adder is severely wounded.
You feel sick.
The adder bites you but does no damage. x2
You closely miss the adder.
The adder is severely wounded.
The adder bites you.
* * * LOW HITPOINT WARNING * * *
The adder bites you but does no damage.
Your chain mail prevents you from hitting the adder.
The adder is severely wounded.
* * * LOW HITPOINT WARNING * * *
You feel sick. The adder bites you.
* * * LOW HITPOINT WARNING * * *
The adder bites you but does no damage.
You miss the adder.
The adder is severely wounded.
* * * LOW HITPOINT WARNING * * *
You feel sick. The adder bites you.
You die...

#.######.# #.# #.# #.#
#.# #.# #.# #########.#
#.# ........#.# #.#
........#.# #.#
........#.# #.#
........#.# #@########
........#.# #.S.......
........#.###############
.................
####..###..###.## ####..#
#..# ...#..###..#
##.....##..# .#...# #..#


You could see an adder.

Vanquished Creatures
  An adder (D:2)
  An ooze (D:1)
  2 dart slugs
  6 bats
  A giant cockroach (D:2)
  4 hobgoblins (D:1)
  2 ball pythons
  5 giant newts (D:1)
  4 goblins
  5 kobolds
  A rat (D:2)
32 creatures vanquished.

Notes
Turn   | Place    | Note
--------------------------------------------------------------
     0 | D:1      | Hucsek the Demonspawn Gladiator began the quest for the Orb.
     0 | D:1      | Reached XP level 1. HP: 16/16 MP: 1/1
   129 | D:1      | Gained mutation: Your flesh is heat resistant. [demonic ancestry]
   129 | D:1      | Reached XP level 2. HP: 17/22 MP: 2/2
   315 | D:1      | Gained mutation: Armour fits poorly on your strangely shaped body. [potion of mutation]
   315 | D:1      | Gained mutation: Your system is resistant to poisons. [potion of mutation]
   347 | D:1      | Reached skill level 3 in Axes
  1107 | D:2      | Reached XP level 3. HP: 2/27 MP: 3/3
  1432 | D:2      | Found a faded altar to an unknown god.
  1769 | D:2      | HP: 1/27 [poisoned by an adder]
  1769 | D:2      | Slain by an adder

Skill      XL: |  1  2 |
---------------+-------+-----
Throwing       | 2 |  2.8
Axes           | 3 |  3.0
Fighting       | |  2.2
Armour         | |  0.3
Dodging        | |  2.9

Action                   || total
-------------------------++-------
Melee: War axe           ||    99
  Use: Scroll            ||     5
       Potion            ||     3
  Eat: Bread ration      ||     1
       Beef jerky        ||     1
Armor: Leather armour    ||     2
       Ring mail         ||    38
       Chain mail        ||    10
Dodge: Dodged            ||    64
